 Dungeon Crawl Stone Soup version 0.30-a0-743-gbfdf073431 (webtiles) character file.

Game seed: 17808363641836708909

28 Ge0ff the Firebug (level 3, -1/28 HPs)
             Began as a Hill Orc Fire Elementalist on Feb 6, 2023.
             Succumbed to an adder's poison
             ... on level 2 of the Dungeon.
             The game lasted 00:02:21 (1238 turns).

Ge0ff the Firebug (Hill Orc Fire Elementalist)      Turns: 1238, Time: 00:02:22

Health: -1/28      AC:  3    Str:  9 (10) XL:     3   Next: 14%
Magic:  1/6        EV: 11    Int: 14 (17) God:
Gold:   65         SH:  0    Dex:  9 (11) Spells: 3/6 levels left

rFire   . . .      SeeInvis .    a - +0 short sword
rCold   . . .      Faith    .    (no shield)
rNeg    . . .      Spirit   .    M - +0 robe
rPois   .          Reflect  .    P - +0 helmet
rElec   .          Harm     .    (no cloak)
rCorr   .          Rampage  .    (no gloves)
Will    .....                    (no boots)
Stlth   +                        (no amulet)
HPRegen 0.24/turn                (no ring)
MPRegen 0.10/turn                (no ring)

@: mighty, lethally poisoned (-1 -> -7)
A: no striking features
a: no special abilities


You were on level 2 of the Dungeon.
You visited 1 branch of the dungeon, and saw 2 of its levels.

You collected 65 gold pieces.

Inventory:

Hand Weapons
 a - a +0 short sword (weapon)
Missiles
 N - 11 stones
Armour
 M - a +0 robe (worn)
 P - a +0 helmet (worn)
Scrolls
 y - a scroll of immolation
 T - a scroll of teleportation
 V - a scroll of identify {unknown}
Potions
 K - a potion of magic {!q}
 S - a potion of curing {unknown}
 U - a potion of heal wounds {unknown}


   Skills:
 - Level 1.0 Fighting
 - Level 1.5 Dodging
 - Level 1.5 Stealth
 - Level 2.0 Spellcasting
 - Level 1.0 Conjurations
 + Level 4.1 Fire Magic


You had 3 spell levels left.
You knew the following spells:

 Your Spells              Type           Power      Damage    Failure   Level
s - Foxfire               Conj/Fire      32%        2x1d5     9%          1
C - Scorch                Fire           26%        2d6       7%          2

Your spell library contained the following spells:

 Spells                   Type           Power      Damage    Failure   Level
 Inner Flame              Hex/Fire       7%         N/A       30%         3
 Kindle Blastsparks       Fire/Tloc/Air  10%        2d10      38%         3
 Flame Wave               Conj/Fire      8%         2d5       63%         4


Dungeon Overview and Level Annotations

Branches:
Dungeon (2/15) Zot: 10755

Altars:

Annotations:
D:2 Natasha


Message History

You feel sick.
The foxfire hits the adder.
The adder is heavily wounded.
The adder bites you.
You are more poisoned.
The adder poisons you!
Casting: Foxfire (safe; 9% risk of failure)
Confirm with . or Enter, or press ? or * to list all spells.
You conjure some foxfire!
You feel sick. The adder bites you.
You are more poisoned.
The adder poisons you! The adder misses you.
You miss the adder.
The adder is heavily wounded.
You feel very sick.
The foxfire hits the adder.
The adder is severely wounded.
The adder barely misses you.
Casting: Foxfire (safe; 9% risk of failure)
Confirm with . or Enter, or press ? or * to list all spells.
You conjure some foxfire!
You feel sick. The adder bites you.
You hit the adder.
The adder is almost dead.
You feel sick.
The foxfire hits the adder.
The adder is almost dead.
The adder barely misses you. x2
Casting: Foxfire (safe; 9% risk of failure)
Confirm with . or Enter, or press ? or * to list all spells.
You conjure some foxfire!
* * * LOW HITPOINT WARNING * * *
You feel sick. The adder bites you.
* * * LOW HITPOINT WARNING * * *
You are more poisoned.
The adder poisons you!
You barely miss the adder.
The adder is almost dead.
* * * LOW HITPOINT WARNING * * *
You feel sick.
The foxfire hits the adder.
You kill the adder!
Your Fire Magic skill increases to level 4!
You have reached level 3!
Your experience leads to an increase in your attributes!
Increase (S)trength, (I)ntelligence, or (D)exterity?
You feel clever. x2
It was a potion of might.
You feel very mighty all of a sudden.
* * * LOW HITPOINT WARNING * * *
You feel sick.
It was a potion of degeneration.
There was something very wrong with that liquid.
You feel weakened.
You feel dopey.
You feel clumsy.
You die...

#.######
#.....@#
#.####.#
####.#
#....#.# #.#
#.##.#.# #.#
#.##.#.# #K#
#####......#
#.#
#........###
#.#
#.###......#
#.#


There were no monsters in sight!

Vanquished Creatures
  An adder (D:2)
  A dart slug (D:1)
  2 ball pythons (D:1)
  2 endoplasms
  A goblin (D:1)
  3 hobgoblins (D:1)
  4 kobolds
  A rat (D:1)
15 creatures vanquished.

Vanquished Creatures (others)
  48 foxfires
48 creatures vanquished.

Grand Total: 63 creatures vanquished

Notes
Turn   | Place    | Note
-------+----------+-------------------------------------------
     0 | D:1      | Ge0ff the Hill Orc Fire Elementalist began the quest for
                  | the Orb.
     0 | D:1      | Reached XP level 1. HP: 14/14 MP: 3/3
   376 | D:1      | Reached skill level 1 in Fighting
   376 | D:1      | Reached XP level 2. HP: 23/23 MP: 0/4
  1050 | D:2      | Noticed Natasha
  1096 | D:2      | Learned a level 2 spell: Scorch
  1237 | D:2      | Reached skill level 4 in Fire Magic
  1237 | D:2      | Reached XP level 3. HP: 3/28 MP: 1/6
  1237 | D:2      | HP: 1/28 [poisoned by an adder]
  1238 | D:2      | Succumbed to an adder's poison

Illustrated notes

Levels and vault maps discovered:
D:1:      saegor_arrival_miasma, layout_basic, serial_glass, glass_columns_b,
          glass_columns_c, glass_columns_a, glass_columns_c, glass_columns_a,
          glass_columns_a, glass_columns_a, glass_columns_c,
          minmay_strange_pillars, feat_on_display,
          chequers_serial_rivers_small_3, palyth_stone_intersect, minivault_19,
          dk_noncrumbling_4, chequers_serial_rivers_small_a
D:2:      layout_loops_cross, basic_altar, uniq_natasha

Skill      XL: |  1  2 |
---------------+-------+-----
Fighting       | 1 |  1.0
Spellcasting   | 2 |  2.0
Fire Magic     | 4 |  4.1
Dodging        | |  1.5
Stealth        | |  1.5
Conjurations   | |  1.0

Action                     || total
---------------------------++-------
  Melee: Short sword       ||     9
   Cast: Foxfire           ||    33
    Use: Scroll            ||     3
         Potion            ||     2
 Armour: Robe              ||     2
  Dodge: Dodged            ||     8

Table legend: (Time is in decaauts)
 A = Elapsed time spent in this place.
 B = Non-inter-level travel time spent in this place.
 C = Inter-level travel time spent in this place.
 D = Time resting spent in this place.
 E = Time spent auto-exploring this place.
 F = Levels seen in this place.
 G = Mean time per level.
                   A        B        C        D        E       F      G
               +--------+--------+--------+--------+--------+-----+--------+
         Total |   1244 |   1162 |     82 |      5 |   1007 |   2 |  622.0 |
       Dungeon |   1244 |   1162 |     82 |      5 |   1007 |   2 |  622.0 |
               +--------+--------+--------+--------+--------+-----+--------+

Top non-repeatable levels by time:
     D:1: 1090 daAuts
     D:2: 154 daAuts
